[Event "Late-Titled-Tuesday-Blitz-September-26-2023"]
[Site "Chess.com"]
[Date "2023.09.26"]
[Round "3"]
[White "ritanovikova"]
[Black "egnfanclub"]
[Result "0-1"]
[WhiteElo "2164"]
[BlackElo "2394"]
[TimeControl "180+1"]
[EndTime "14:24:20 PDT"]
[Termination "egnfanclub won by resignation"]

1. d4 d5 2. Bf4 Nf6 3. Nd2 c6 4.
c3 e6 5. e3 Nbd7 6. h3 Be7 7.
Ngf3 O-O 8. Bd3 Re8 9. O-O c5 10. Rc1 b6 11. Bb1 Bb7 12. Qc2 Ne4 13.
Nxe4 dxe4 14. Nd2 f5 15. Rfd1 cxd4 16. exd4 Nf6 17. Nc4 Nd5 18. Be5 Rc8 19. Qb3 a6 20. Nxb6 Qxb6 21. Qc2 Bd6 22. Kh1 Bxe5 23. dxe5 Qc7 24.
f3 exf3 0-1

[Event "Late-Titled-Tuesday-Blitz-September-26-2023"]
[Site "Chess.com"]
[Date "2023.09.26"]
[Round "3"]
[White "KVAIDAN"]
[Black "KamlaPasand"]
[Result "0-1"]
[WhiteElo "2268"]
[BlackElo "2448"]
[TimeControl "180+1"]
[EndTime "14:24:25 PDT"]
[Termination "KamlaPasand won by resignation"]

1. f4 d5 2. Nf3 Nf6 3. e3 e6 4. b3 Be7 5. Bb2 O-O 6. Bd3 c5 7. O-O Nc6 8. Ne5 Qc7 9. Rf3 d4 10. Rh3 Nxe5 11. Bxh7+ Nxh7 12. Qh5 f6 13. Qxh7+ Kf7 14.
fxe5 Qxe5 15. Rg3 Rg8 16. Na3 b5 17. exd4 cxd4 18. Rf1 Ba6 19. d3 Rac8 20. Bc1 Rxc2 21. Bh6 Rxa2 22. Bxg7 Qxg3 23. hxg3 Rxg7 24. Qh5+ Kf8 25.
Qxb5 Bxb5 0-1

[Event "Late-Titled-Tuesday-Blitz-September-26-2023"]
[Site "Chess.com"]
[Date "2023.09.26"]
[Round "3"]
[White "JG-17"]
[Black "nihalsarin"]
[Result "0-1"]
[WhiteElo "2503"]
[BlackElo "3085"]
[TimeControl "180+1"]
[EndTime "14:24:28 PDT"]
[Termination "nihalsarin won by resignation"]

1. e4 a6 2. d4 c6 3. Nc3 d5 4. e5 Bf5 5. Bd3 Bxd3 6. Qxd3 e6 7. f4 c5 8. Nf3 Nc6 9. Ne2 c4 10. Qd1 h5 11. Be3 Nh6 12. Bf2 Nf5 13. Ng3 g6 14.
Nxf5 gxf5 15. Ng5 Be7 16. h4 Kf8 17. c3 Kg7 18. O-O Bxg5 19. fxg5 Kg6 20. a4 b5 21.
axb5 axb5 22. Rxa8 Qxa8 23. Qa1 b4 24. Be3 Qb7 25.
Bd2 Ra8 26. Qb1 bxc3 27. bxc3 Qxb1 28. Rxb1 Ra2 29. Be1 f4 30. Rb6 Ne7 31. Rb8 Nf5 32. Rh8 Ne3 33. Rh6+ Kf5 34. Rxh5 Rxg2+ 35. Kh1 Re2 36.
g6+ Kxg6 37. Rg5+ Kh6 38. Rg1 Kh7 39. h5 Kh6 40. Bh4 Kxh5 41. Bf6 f3 42. Rg5+ Kh6 43.
Rg8 f2 44. Rh8+ Kg6 45. Rg8+ Kf5 46. Rg5+ Ke4 0-1

[Event "Late-Titled-Tuesday-Blitz-September-26-2023"]
[Site "Chess.com"]
[Date "2023.09.26"]
[Round "3"]
[White "Sacbutt"]
[Black "JM2005GM"]
[Result "0-1"]
[WhiteElo "2272"]
[BlackElo "2490"]
[TimeControl "180+1"]
[EndTime "14:24:31 PDT"]
[Termination "JM2005GM won by checkmate"]

1. e4 e5 2. Nf3 Nc6 3. Bc4 Bc5 4. c3 Bb6 5. O-O Nf6 6. Re1 Qe7 7. h3 d6 8. d3 h6 9. Bb3 g5 10. Nh2 Rg8 11. Be3 g4 12. Bxb6 axb6 13. hxg4 Nxg4 14. Nxg4 Bxg4 15. f3 Bh3 16. Re2 Qh4 17. Nd2 O-O-O 18. Bxf7 Rg7 19. Bd5 Ne7 20. Bb3 d5 21. Qe1 Qh5 22.
exd5 Bxg2 23. Rxg2 Rxg2+ 24. Kxg2 Rg8+ 25. Kf2 Qh2+ 26. Ke3 Nf5+ 27. Ke4 Qf4# 0-1

[Event "Late-Titled-Tuesday-Blitz-September-26-2023"]
[Site "Chess.com"]
[Date "2023.09.26"]
[Round "3"]
[White "leotobares"]
[Black "jjbolanos"]
[Result "1-0"]
[WhiteElo "2369"]
[BlackElo "2098"]
[TimeControl "180+1"]
[EndTime "14:24:40 PDT"]
[Termination "leotobares won by resignation"]

1. e4 c5 2. Nf3 e6 3. c3 Nf6 4. e5 Nd5 5. d4 cxd4 6. Qxd4 Nc6 7. Qe4 d6 8. Bb5 Bd7 9. a4 a6 10. Bd3 dxe5 11. Nxe5 Nxe5 12. Qxe5 Bc6 13. O-O Qd7 14.
a5 O-O-O 15. Bc4 Bd6 16. Qh5 g6 17. Qh4 g5 18. Qd4 Nf4 19. Na3 Bxg2 20. Bxf4 Bxf1 21. Bxd6 Bxc4 22. Nxc4 Qc6 23. Nb6+ 1-0

[Event "Late-Titled-Tuesday-Blitz-September-26-2023"]
[Site "Chess.com"]
[Date "2023.09.26"]
[Round "3"]
[White "filipluczak05"]
[Black "jcibarra"]
[Result "0-1"]
[WhiteElo "2676"]
[BlackElo "2944"]
[TimeControl "180+1"]
[EndTime "14:24:41 PDT"]
[Termination "jcibarra won by resignation"]

1. d4 Nf6 2. Nc3 d5 3. Bf4 c5 4. e3 cxd4 5. exd4 Bg4 6. f3 Bd7 7. Bd3 Nc6 8. Nge2 Rc8 9. O-O e6 10. Nb5 Qb6 11. c3 e5 12. Be3 e4 13. fxe4 dxe4 14.
Bc4 Na5 15. Bxf7+ Kxf7 16. a4 a6 17. Na3 Bxa3 18. bxa3 Rhf8 19. Rb1 Qc6 20. d5 Qxa4 21. Rb4 Qxd1 22. Rxd1 b5 0-1

[Event "Late-Titled-Tuesday-Blitz-September-26-2023"]
[Site "Chess.com"]
[Date "2023.09.26"]
[Round "3"]
[White "ogpin"]
[Black "PedroGil25"]
[Result "1-0"]
[WhiteElo "2064"]
[BlackElo "2319"]
[TimeControl "180+1"]
[EndTime "14:24:54 PDT"]
[Termination "ogpin won by resignation"]

1. e4 c5 2. Nf3 e6 3. d4 cxd4 4. c3 Nf6 5. e5 Nd5 6. Bc4 Nb6 7.
Bb3 Nc6 8. cxd4 d6 9. exd6 Bxd6 10. O-O O-O 11. Nc3 Nb4 12. Bg5 Be7 13. Bxe7 Qxe7 14.
Re1 Qf6 15. Ne4 Qd8 16. Ne5 Bd7 17. Qh5 h6 18. Re3 N4d5 19. Rg3 Nf4 20. Qg4 g5 21. Qxf4 f6 22. Nxd7 Nxd7 23. Bxe6+ Kh8 24. Qf5 1-0

[Event "Late-Titled-Tuesday-Blitz-September-26-2023"]
[Site "Chess.com"]
[Date "2023.09.26"]
[Round "3"]
[White "Babbelbox"]
[Black "venturov"]
[Result "1-0"]
[WhiteElo "2660"]
[BlackElo "2464"]
[TimeControl "180+1"]
[EndTime "14:25:05 PDT"]
[Termination "Babbelbox won by resignation"]

1. e4 c5 2. Nf3 e6 3. d4 cxd4 4. Nxd4 Nc6 5. Nc3 Qc7 6. g4 a6 7. Bg2 Nxd4 8. Qxd4 Ne7 9. Be3 Nc6 10. Qd1 b5 11. O-O Bb7 12. Re1 Bd6 13. h3 Bf4 14.
Nd5 exd5 15. exd5 O-O 16. dxc6 Bxc6 17. Qd3 Rac8 18. c3 Bxe3 19. Rxe3 Qb7 20. Bxc6 dxc6 21. Rd1 Qc7 22. Qd7 Qa5 23. Rde1 Qxa2 24. Qxc8 1-0

[Event "Late-Titled-Tuesday-Blitz-September-26-2023"]
[Site "Chess.com"]
[Date "2023.09.26"]
[Round "3"]
[White "orestn"]
[Black "Zavgorodniy_Sergiy"]
[Result "1/2-1/2"]
[WhiteElo "2432"]
[BlackElo "2602"]
[TimeControl "180+1"]
[EndTime "14:25:12 PDT"]
[Termination "Game drawn by repetition"]

1. e4 c6 2. d4 d5 3. e5 Bf5 4. h4 h5 5. Ne2 e6 6. Ng3 Bg6 7. c4 dxc4 8. Bxc4 Nd7 9. Bb3 Nb6 10.
Nc3 Ne7 11. Bg5 Qd7 12. O-O Nf5 13. Nxf5 Bxf5 14. Re1 Be7 15. Bxe7 Qxe7 16. g3 Rd8 17. Ne4 Bxe4 18. Rxe4 g6 19. Qf3 Nd5 20. Bxd5 Rxd5 21. Qe3 Kf8 22. Re1 Kg7 23. Qf4 Rhd8 24. R1e3 R5d7 25. Kg2 a6 26. Rf3 Rh8 27. a3 Rhd8 28. Kh3 Rh8 29. Kg2 Rf8 30. Kh3 Re8 31. Kg2 Rf8 32.
Kh3 Rd5 33. Kg2 Rfd8 34. Kh3 R8d7 35. Kg2 Rd8 36. Kh3 R8d7 37. Kg2 Qd8 38. Kh3 a5 39. Kg2 Qe7 40. Kh3 Rd8 41. Kg2 a4 42. Kh3 R5d7 43. Kg2 Rd5 44. Kh3 R8d7 45. Kg2 Rd8 1/2-1/2

[Event "Late-Titled-Tuesday-Blitz-September-26-2023"]
[Site "Chess.com"]
[Date "2023.09.26"]
[Round "3"]
[White "jup1978"]
[Black "wadsy27"]
[Result "0-1"]
[WhiteElo "2458"]
[BlackElo "2643"]
[TimeControl "180+1"]
[EndTime "14:25:18 PDT"]
[Termination "wadsy27 won by resignation"]

1. Nf3 d5 2. d4 Nf6 3. g3 c6 4. Bg2 Bf5 5. O-O h6 6. c4 e6 7. Qb3 Qb6 8. c5 Qxb3 9. axb3 Be7 10. b4 O-O 11. Nc3 Nbd7 12. b5 cxb5 13. Nxb5 a6 14. Nc3 Rfc8 15. Bf4 g5 16. Be5 Ne4 17. Nxe4 Bxe4 18.
g4 Bxf3 19. Bxf3 Nxe5 20. dxe5 Rxc5 21. Rfc1 Rac8 22. Rxc5 Rxc5 23. e4 d4 24. Rd1 Rb5 25.
Rd2 Bc5 26. Be2 Rb4 27. Kf1 a5 28. Rc2 b6 29. Bd3 Rb3 30. Ke2 a4 31. Bc4 Rh3 32. Bb5 Rxh2 33. Bxa4 Rxf2+ 34. Kd3 Rf3+ 35. Kc4 Rg3 36.
Rf2 Rxg4 37. Be8 Rf4 38. Rxf4 gxf4 39. Kd3 f3 40. Ba4 f2 41. Ke2 d3+ 42. Kf1 d2 43.
Bd1 Kg7 0-1

[Event "Late-Titled-Tuesday-Blitz-September-26-2023"]
[Site "Chess.com"]
[Date "2023.09.26"]
[Round "3"]
[White "cthake"]
[Black "carloseduar100"]
[Result "1/2-1/2"]
[WhiteElo "1899"]
[BlackElo "2316"]
[TimeControl "180+1"]
[EndTime "14:25:22 PDT"]
[Termination "Game drawn by repetition"]

1. c4 e6 2. Nc3 d5 3. d4 Nf6 4.
Bg5 Be7 5. e3 O-O 6. Nf3 c6 7.
Bd3 Nbd7 8. O-O dxc4 9. Bxc4 b5 10. Bd3 Bb7 11. e4 h6 12. Bxf6 Nxf6 13. e5 Nd5 14. Ne4 f5 15. Nc3 Nf4 16. Bc2 a6 17.
Ne2 Nd5 18. Qd2 c5 19. Rfd1 c4 20. Nf4 Nb4 21. Nxe6 Qd7 22. Nxf8 Rxf8 23. Bb1 Bxf3 24. gxf3 f4 25. a3 Nd5 26. Qc2 Bg5 27. Qh7+ Kf7 28. Qg6+ Kg8 29. Qh7+ Kf7 30. Qg6+ Kg8 31. Qh7+ 1/2-1/2

[Event "Late-Titled-Tuesday-Blitz-September-26-2023"]
[Site "Chess.com"]
[Date "2023.09.26"]
[Round "3"]
[White "chosenpr"]
[Black "Gentlejimmy7"]
[Result "1-0"]
[WhiteElo "2311"]
[BlackElo "2509"]
[TimeControl "180+1"]
[EndTime "14:25:26 PDT"]
[Termination "chosenpr won by resignation"]

1. e4 c6 2. d4 d5 3. exd5 cxd5 4. Bd3 Nc6 5. c3 Qc7 6. Ne2 Bg4 7. Nd2 e6 8. Nf1 Bd6 9. Be3 Nge7 10. Qd2 Bf5 11.
Nfg3 Bxd3 12. Qxd3 Rb8 13. a4 a6 14. O-O O-O 15.
f4 b5 16. axb5 axb5 17. f5 exf5 18. Bg5 g6 19. Nf4 b4 20. Qf3 bxc3 21. bxc3 Rb3 22. Rfd1 Qb6 23. h4 f6 24. Nxd5 Nxd5 25. Qxd5+ Kg7 26. Qxd6 fxg5 27. hxg5 Rf7 28. Ra8 Ne7 29. Qe5+ 1-0

[Event "Late-Titled-Tuesday-Blitz-September-26-2023"]
[Site "Chess.com"]
[Date "2023.09.26"]
[Round "3"]
[White "TatjanaVasilevich"]
[Black "Dubs123"]
[Result "1-0"]
[WhiteElo "2552"]
[BlackElo "2354"]
[TimeControl "180+1"]
[EndTime "14:25:29 PDT"]
[Termination "TatjanaVasilevich won by resignation"]

1. e4 c5 2. Nf3 a6 3. d4 cxd4 4. Nxd4 Nf6 5. f3 e5 6. Nb3 Be7 7. c4 O-O 8. Nc3 d6 9. Be3 Be6 10. g4 Nbd7 11. Nd5 Bxd5 12. cxd5 b6 13. h4 Nc5 14.
Nxc5 bxc5 15. b3 Nd7 16. Bf2 a5 17. a4 Nb6 18. Bb5 Nc8 19. Qd2 Na7 20. Bc4 Rb8 21. O-O-O Rb4 22. Be1 Qc7 23. Qc2 Rb7 24. Ba6 Rbb8 25. g5 Qb6 26. Bc4 f6 27. g6 h6 28.
h5 f5 29. exf5 Bg5+ 30. Bd2 Bxd2+ 31. Rxd2 Rf6 32. f4 Re8 33. Re2 Qb4 34. Rhe1 Qa3+ 35.
Kb1 Qb4 36. fxe5 dxe5 37. d6+ Kf8 38. d7 Rd8 39. Rxe5 1-0

[Event "Late-Titled-Tuesday-Blitz-September-26-2023"]
[Site "Chess.com"]
[Date "2023.09.26"]
[Round "3"]
[White "Oleksandr_Bortnyk"]
[Black "lamomiajunior"]
[Result "1-0"]
[WhiteElo "3012"]
[BlackElo "2729"]
[TimeControl "180+1"]
[EndTime "14:25:35 PDT"]
[Termination "Oleksandr_Bortnyk won by resignation"]

1. e4 c6 2. c4 d5 3. cxd5 cxd5 4. exd5 Nf6 5. Qa4+ Nbd7 6. Nc3 g6 7. Nf3 Bg7 8. Bc4 O-O 9. d3 a6 10. Qa3 Nb6 11.
Qb3 Bg4 12. Ne5 Bf5 13. O-O Rc8 14. Re1 Qc7 15. Bg5 Nfxd5 16. Nxd5 Nxd5 17. Nxf7 e6 18. Nh6+ Kh8 19. Bxd5 exd5 20. Qxd5 Bxb2 21. Rab1 Qc2 22. Rxb2 Qxb2 23. Be3 Rcd8 24. Nf7+ Kg8 25. Nxd8+ 1-0

[Event "Late-Titled-Tuesday-Blitz-September-26-2023"]
[Site "Chess.com"]
[Date "2023.09.26"]
[Round "3"]
[White "MergenKakabaev"]
[Black "WindWhistler11"]
[Result "1-0"]
[WhiteElo "2675"]
[BlackElo "2464"]
[TimeControl "180+1"]
[EndTime "14:25:35 PDT"]
[Termination "MergenKakabaev won by resignation"]

1. e4 e6 2. d4 d5 3. e5 c5 4. c3 Nc6 5. Nf3 Bd7 6. a3 c4 7. Nbd2 Qc7 8. Be2 Na5 9. O-O Ne7 10.
Rb1 Nc8 11. Qc2 Nb6 12. b4 cxb3 13. Nxb3 Ba4 14. Nfd2 Rc8 15. Qa2 Nac4 16. Nxc4 dxc4 17. Na5 Nd5 18. Qxc4 Nxc3 19. Bd2 Qxc4 20. Bxc4 Nxb1 21.
Rxb1 b6 22. Bb3 Bb5 23. Nb7 Ba6 24. Nd6+ Bxd6 25. exd6 O-O 26. Bg5 Bc4 27. Bxc4 Rxc4 28. Be7 Rxd4 29. g3 Re8 30. Rc1 a5 31. Rc7 b5 32. d7 Rxe7 33. Rc8+ 1-0

[Event "Late-Titled-Tuesday-Blitz-September-26-2023"]
[Site "Chess.com"]
[Date "2023.09.26"]
[Round "3"]
[White "imdarealist"]
[Black "Colombiano07"]
[Result "1-0"]
[WhiteElo "2257"]
[BlackElo "2386"]
[TimeControl "180+1"]
[EndTime "14:25:35 PDT"]
[Termination "imdarealist won by checkmate"]

1. d4 c6 2. Bf4 d5 3. c4 Bf5 4.
Nc3 e6 5. Qb3 Qb6 6. c5 Qxb3 7.
axb3 Na6 8. e4 dxe4 9. Bxa6 bxa6 10. Rxa6 Kd7 11. b4 Nf6 12. b5 cxb5 13. Nxb5 Nd5 14. Bg3 Nb4 15. Rxa7+ Rxa7 16. Nxa7 Nd3+ 17. Ke2 Nxb2 18.
c6+ Ke8 19. c7 e5 20. Bxe5 Nc4 21. c8=Q+ Bxc8 22. Nxc8 Nxe5 23. dxe5 Kd7 24. Nd6 Ke6 25.
Nxe4 Kxe5 26. Ng3 Bd6 27. Nf3+ Kf4 28. Rd1 Re8+ 29. Kf1 Be7 30. Rd5 Bf6 31. Rf5+ Kg4 32. h3# 1-0

[Event "Late-Titled-Tuesday-Blitz-September-26-2023"]
[Site "Chess.com"]
[Date "2023.09.26"]
[Round "3"]
[White "angryspacevoid"]
[Black "iturrizaga"]
[Result "0-1"]
[WhiteElo "2501"]
[BlackElo "2993"]
[TimeControl "180+1"]
[EndTime "14:25:37 PDT"]
[Termination "iturrizaga won by resignation"]

1. e4 c5 2. c3 Nf6 3. e5 Nd5 4.
d4 cxd4 5. Nf3 Nc6 6. Bc4 Nb6 7.
Bb3 d5 8. exd6 Qxd6 9. O-O Be6 10. Na3 Bxb3 11. Qxb3 e6 12. Nb5 Qd7 13. Bf4 Nd5 14.
Bg3 Be7 15. c4 Nb6 16. Nc7+ Kf8 17. Nxa8 Nxa8 18. Rad1 f6 19. Nd2 h5 20. f4 h4 21. Bf2 h3 22. g3 Kf7 23. Rfe1 Rd8 24. c5 Nc7 25. f5 Bxc5 26. fxe6+ Nxe6 27. Ne4 Bb6 28. g4 Ne5 29. Ng5+ Ke7 30. Nxe6 Qxe6 31. Qb4+ Kf7 0-1

[Event "Late-Titled-Tuesday-Blitz-September-26-2023"]
[Site "Chess.com"]
[Date "2023.09.26"]
[Round "3"]
[White "MajorCoast"]
[Black "Kazmin_Semyon"]
[Result "0-1"]
[WhiteElo "2271"]
[BlackElo "2491"]
[TimeControl "180+1"]
[EndTime "14:25:39 PDT"]
[Termination "Kazmin_Semyon won by resignation"]

1. a4 h5 2. e4 g5 3. Bc4 e6 4. d3 Bg7 5. Nc3 c6 6. f4 d5 7. Ba2 g4 8. Nge2 f5 9. exf5 exf5 10. Bd2 Ne7 11. Ng3 h4 12. Nf1 Be6 13. Qe2 Qd6 14. a5 Nd7 15. a6 b5 16. h3 g3 17. Bb3 O-O-O 18. Na2 Bxb2 19. Rb1 Bg7 20. Bb4 c5 21.
Ba5 Rde8 22. Nc3 Qxa6 23. Ra1 b4 24. Na4 Bxa1 25. Nd2 Qxa5 26. Qxe6 Nc6 0-1

[Event "Late-Titled-Tuesday-Blitz-September-26-2023"]
[Site "Chess.com"]
[Date "2023.09.26"]
[Round "3"]
[White "Dontmesswithme_2"]
[Black "Alphafischer2019"]
[Result "1-0"]
[WhiteElo "2411"]
[BlackElo "2577"]
[TimeControl "180+1"]
[EndTime "14:25:41 PDT"]
[Termination "Dontmesswithme_2 won by resignation"]

1. d4 Nf6 2. c4 b6 3. Nf3 Bb7 4. g3 g6 5. Bg2 Bg7 6. O-O O-O 7. Re1 d6 8. Qc2 Nbd7 9. e4 e5 10. d5 a5 11. Nc3 h6 12. h3 Nh5 13. Be3 f5 14. exf5 gxf5 15. Ne2 Qf6 16. g4 fxg4 17. hxg4 Nf4 18. Nxf4 exf4 19. Bd4 Qf7 20. Re6 Rfb8 21. Rg6 Re8 22. Rxg7+ Qxg7 23. Bxg7 Kxg7 24. Nd4 Ne5 25. Ne6+ Rxe6 26. dxe6 f3 27. Bh3 Re8 28. g5 hxg5 29. Qf5 Bc8 30. Qxg5+ Kh8 31. Qh5+ Kg7 32. Qxe8 Bd7 33.
exd7 1-0

[Event "Late-Titled-Tuesday-Blitz-September-26-2023"]
[Site "Chess.com"]
[Date "2023.09.26"]
[Round "3"]
[White "Herman-NY"]
[Black "dorpato"]
[Result "1-0"]
[WhiteElo "2508"]
[BlackElo "2022"]
[TimeControl "180+1"]
[EndTime "14:25:42 PDT"]
[Termination "Herman-NY won by checkmate"]

1. e4 c5 2. Nf3 d6 3. d4 cxd4 4.
Nxd4 Nf6 5. Nc3 a6 6. Bc4 e5 7. Nf5 Be6 8. Bb3 Nxe4 9. Nxg7+ Bxg7 10. Nxe4 Bxb3 11. Nxd6+ Ke7 12. Nf5+ Kf6 13. Qg4 Qf8 14. Bg5+ Ke6 15. Nxg7+ Kd5 16. O-O-O+ Kc5 17. axb3 Nc6 18. Be3+ Kb5 19. Qa4# 1-0

[Event "Late-Titled-Tuesday-Blitz-September-26-2023"]
[Site "Chess.com"]
[Date "2023.09.26"]
[Round "3"]
[White "Lady_Nika"]
[Black "maurovargas01"]
[Result "1-0"]
[WhiteElo "2506"]
[BlackElo "1910"]
[TimeControl "180+1"]
[EndTime "14:25:45 PDT"]
[Termination "Lady_Nika won on time"]

1. e4 e5 2. Nf3 Nc6 3. Bb5 Nce7 4. Nxe5 c6 5. Be2 Nf6 6. Nc3 d6 7. Nf3 Ng6 8. d3 b5 9. a3 a5 10. O-O Bb7 11. Bg5 Be7 12. Re1 O-O 13. Bxf6 Bxf6 14.
Bf1 Re8 15. Rb1 Ne5 16. Nxe5 Bxe5 17. Ne2 Re6 18. g3 Rh6 19. Bg2 d5 20. d4 Bc7 21.
e5 Bb6 22. c3 Rc8 23. b4 Qg5 24. f4 Qh5 25. h3 Re8 26. g4 Qh4 27. Qd3 f6 28. Ng3 fxe5 29. fxe5 1-0

[Event "Late-Titled-Tuesday-Blitz-September-26-2023"]
[Site "Chess.com"]
[Date "2023.09.26"]
[Round "3"]
[White "2346PL"]
[Black "Gameking51"]
[Result "1-0"]
[WhiteElo "2446"]
[BlackElo "2597"]
[TimeControl "180+1"]
[EndTime "14:25:48 PDT"]
[Termination "2346PL won on time"]

1. Nf3 Nf6 2. d4 e6 3. Bg5 Be7 4. Nbd2 h6 5. Bh4 d5 6. e3 c5 7. c3 Nc6 8. Bd3 O-O 9. O-O b6 10. Ne5 Nxe5 11. dxe5 Nd7 12. Bxe7 Qxe7 13. f4 Bb7 14.
Qh5 Rfe8 15. g4 f6 16. Nf3 Nf8 17. exf6 Qxf6 18. g5 Qf7 19. Qg4 h5 20. Qg3 Nd7 21. g6 Qf6 22. Ne5 Rad8 23. Nf7 Rb8 24. Qh3 h4 25. Qg4 d4 26. cxd4 cxd4 27. e4 Nc5 28. e5 1-0

[Event "Late-Titled-Tuesday-Blitz-September-26-2023"]
[Site "Chess.com"]
[Date "2023.09.26"]
[Round "3"]
[White "NotFischer"]
[Black "pedromartinez91"]
[Result "0-1"]
[WhiteElo "2255"]
[BlackElo "2538"]
[TimeControl "180+1"]
[EndTime "14:25:52 PDT"]
[Termination "pedromartinez91 won by checkmate"]

1. e4 c5 2. Nf3 Nc6 3. Bb5 Na5 4. O-O a6 5. Be2 e6 6. d4 cxd4 7. Nxd4 d6 8. Nc3 Nf6 9. Kh1 Qc7 10. Be3 Be7 11. f4 Nc4 12. Bxc4 Qxc4 13. Qf3 e5 14. Nf5 Bxf5 15. exf5 e4 16. Qg3 d5 17. Rad1 h5 18.
Bd4 Rd8 19. Qxg7 Rg8 20. Qh6 Qc6 21. Bxf6 Bxf6 22. Rxd5 Rh8 23. Re5+ Bxe5 24. Qxc6+ bxc6 25. fxe5 e3 26. Re1 Rd2 27. Rxe3 Rxc2 28. h3 h4 29. Ne4 Kd7 30. Rb3 Kc7 31. Nd6 c5 32. Rb7+ Kc6 33. Rxf7 Rg8 34. Ra7 Rgxg2 35. Rxa6+ Kd5 36.
Nf7 Ke4 37. Ra4+ Kf3 38. e6 Rh2+ 39. Kg1 Rcg2+ 40. Kf1 Rh1# 0-1

[Event "Late-Titled-Tuesday-Blitz-September-26-2023"]
[Site "Chess.com"]
[Date "2023.09.26"]
[Round "3"]
[White "cukus"]
[Black "miraitrunks"]
[Result "0-1"]
[WhiteElo "2370"]
[BlackElo "2164"]
[TimeControl "180+1"]
[EndTime "14:25:52 PDT"]
[Termination "miraitrunks won by checkmate"]

1. e4 c5 2. Nf3 Nc6 3. d4 cxd4 4. Nxd4 e5 5. Nb5 a6 6. Nd6+ Bxd6 7. Qxd6 Qf6 8. Qd2 Nge7 9. b3 O-O 10. Bb2 Rd8 11. Nc3 Nd4 12. O-O-O d5 13. exd5 Nxd5 14. Bc4 Nxc3 15.
Qxc3 b5 16. Bd3 Bf5 17. Qb4 Rac8 18. Bxf5 Qxf5 19. Kb1 Nxc2 20. Rxd8+ Rxd8 21. Qc3 Nd4+ 22. Ka1 Rc8 23. Qh3 Nc2+ 24. Kb1 Na3+ 25. Ka1 Qb1+ 26. Rxb1 Nc2# 0-1

[Event "Late-Titled-Tuesday-Blitz-September-26-2023"]
[Site "Chess.com"]
[Date "2023.09.26"]
[Round "3"]
[White "Slovak_fighter2000"]
[Black "iulik86"]
[Result "1-0"]
[WhiteElo "2458"]
[BlackElo "2556"]
[TimeControl "180+1"]
[EndTime "14:25:53 PDT"]
[Termination "Slovak_fighter2000 won by resignation"]

1. d4 Nf6 2. Nf3 e6 3. c4 d5 4.
Nc3 dxc4 5. e4 b5 6. e5 Nd5 7. Nxb5 Nb6 8. Be2 Nc6 9. O-O Be7 10. Be3 Bb7 11. Qc2 Nb4 12. Qd2 Qd7 13. Nc3 O-O-O 14. a3 Nc6 15. Rfd1 Na5 16. Qc2 f6 17. exf6 gxf6 18. Bf4 Rhg8 19. Bg3 Bd6 20. Ne4 Be7 21. Nc5 Qd5 22. Nxb7 Nxb7 23. Rac1 Na5 24. Qxh7 Nb3 25. Qxe7 Nxc1 26. Rxc1 Rd7 27. Qc5 Qxc5 28. dxc5 Na4 29. Bxc4 Nxc5 30. b4 Nd3 31. Rc3 1-0

[Event "Late-Titled-Tuesday-Blitz-September-26-2023"]
[Site "Chess.com"]
[Date "2023.09.26"]
[Round "3"]
[White "GAO"]
[Black "Andrej2004"]
[Result "0-1"]
[WhiteElo "2342"]
[BlackElo "2561"]
[TimeControl "180+1"]
[EndTime "14:25:54 PDT"]
[Termination "Andrej2004 won by checkmate"]

1. Nf3 b6 2. d4 Bb7 3. Nc3 Nf6 4.
Bg5 g6 5. Bxf6 exf6 6. e4 Bg7 7.
Bd3 O-O 8. O-O d5 9. Re1 dxe4 10. Bxe4 Nc6 11. Ne2 Qd6 12. c3 Rad8 13. Nc1 f5 14. Bd3 Ne7 15. a4 c5 16. Ne2 Bxf3 17. gxf3 Nc6 18.
Bb5 cxd4 19. Bxc6 Qxc6 20. Nxd4 Qc4 21. Qe2 Qxe2 22. Rxe2 Bxd4 23. cxd4 Rxd4 24. a5 b5 25. a6 Rd7 26. Re5 Rb8 27. Ra5 b4 28. Rab5 Rxb5 29.
Rxb5 Rd6 30. Rxb4 Rxa6 31. Rb8+ Kg7 32. b4 Rb6 33. Ra8 Rb7 34. Kf1 Kf6 35. Ke2 Ke5 36. Kd3 Kf4 37. Ke2 Re7+ 38. Kf1 Kxf3 39. Rb8 Rc7 40.
b5 Rc1# 0-1

[Event "Late-Titled-Tuesday-Blitz-September-26-2023"]
[Site "Chess.com"]
[Date "2023.09.26"]
[Round "3"]
[White "chesselephant"]
[Black "invisible_s0ul"]
[Result "1-0"]
[WhiteElo "2522"]
[BlackElo "2289"]
[TimeControl "180+1"]
[EndTime "14:25:55 PDT"]
[Termination "chesselephant won on time"]

1. d4 d5 2. c4 e6 3. Nc3 Nf6 4. cxd5 exd5 5. Bg5 c6 6. e3 Bd6 7. Bd3 Nbd7 8. Nge2 Nf8 9. Qc2 Ng6 10. O-O-O b5 11. h4 Nf8 12. Nxb5 cxb5 13. Qc6+ Bd7 14. Qxd6 Rc8+ 15. Kb1 Ne6 16. Rc1 h6 17. Rxc8 Bxc8 18. Bxb5+ Bd7 19. Bxf6 gxf6 20. Qxd5 Rg8 21. Qxd7+ Qxd7 22. Bxd7+ Kxd7 23. g3 Kd6 24. Rc1 Nc7 25. Nc3 Nd5 26. Ne4+ 1-0

[Event "Late-Titled-Tuesday-Blitz-September-26-2023"]
[Site "Chess.com"]
[Date "2023.09.26"]
[Round "3"]
[White "MAGMAchess02"]
[Black "SaqoChess_Twitch"]
[Result "0-1"]
[WhiteElo "2363"]
[BlackElo "2643"]
[TimeControl "180+1"]
[EndTime "14:25:56 PDT"]
[Termination "SaqoChess_Twitch won on time"]

1. Nf3 d5 2. c4 e6 3. g3 Nf6 4. Bg2 Be7 5. d4 O-O 6. O-O dxc4 7. Qc2 a6 8. a4 c5 9. dxc5 Bxc5 10. Qxc4 Nbd7 11.
Qc2 b5 12. axb5 Bb7 13. bxa6 Ra7 14. axb7 Rxa1 15. b4 Bd6 16. Nd4 Qb6 17. Bb2 Ra2 18. Qb3 Ra7 19. Rd1 Bxb4 20. Nc6 Rxb7 21. Nxb4 Qxb4 22. Qxb4 Rxb4 23. Ba3 Rxb1 24. Rxb1 Rc8 25. e3 h6 26. Bd6 Nf8 27. h3 Ng6 28. h4 Rd8 29.
Bc5 Ne5 30. Bd4 Neg4 31. Bh3 h5 32. Bxg4 Nxg4 33. Rb6 e5 34. Bc3 Rc8 35. Rb3 f6 36. Kg2 Ra8 37. Rb4 Ra3 38. Rc4 Ra2 39. Rc8+ Kh7 0-1

[Event "Late-Titled-Tuesday-Blitz-September-26-2023"]
[Site "Chess.com"]
[Date "2023.09.26"]
[Round "3"]
[White "Chessbard1972"]
[Black "JiiHart"]
[Result "0-1"]
[WhiteElo "2370"]
[BlackElo "2183"]
[TimeControl "180+1"]
[EndTime "14:26:05 PDT"]
[Termination "JiiHart won by checkmate"]

1. e4 c5 2. Nc3 e6 3. g3 Nc6 4. Bg2 Nf6 5. d3 Be7 6. f4 d6 7. Nf3 Qc7 8. O-O a6 9. a4 Rb8 10. h3 b5 11. axb5 axb5 12. g4 b4 13. Ne2 d5 14.
Ng3 dxe4 15. dxe4 Nd4 16. c3 bxc3 17. bxc3 Nb3 18. Rb1 Nxc1 19. Rxb8 Qxb8 20. Qxc1 Bb7 21. Qe3 O-O 22. g5 Nd7 23. Rd1 Rd8 24. Rb1 Qc7 25. Nh5 c4 26. Kh1 Bc5 27. Qc1 Bxe4 28. Ra1 Qc6 29. Qf1 g6 30. Nf6+ Nxf6 31. gxf6 Rd3 32.
Ne5 Rxh3# 0-1

[Event "Late-Titled-Tuesday-Blitz-September-26-2023"]
[Site "Chess.com"]
[Date "2023.09.26"]
[Round "3"]
[White "aNaartjieZA"]
[Black "ShiroglanTalibov"]
[Result "0-1"]
[WhiteElo "2594"]
[BlackElo "2841"]
[TimeControl "180+1"]
[EndTime "14:26:10 PDT"]
[Termination "ShiroglanTalibov won by resignation"]

1. e4 c5 2. Nf3 e6 3. d3 b5 4. a4 b4 5. g3 Bb7 6. Bg2 d5 7. Nbd2 Nf6 8. O-O Be7 9. Re1 a5 10.
b3 Nc6 11. Bb2 d4 12. Nc4 Qc7 13. Bc1 Nd7 14. Rf1 e5 15. Bg5 f6 16. Bd2 g5 17.
Ne1 h5 18. f4 gxf4 19. gxf4 O-O-O 20. Bh3 Kb8 21. Kh1 Bc8 22. Nf3 Rdg8 23. Nh4 Nb6 24. Bxc8 Kxc8 25. Nxb6+ Qxb6 26. f5 Bd8 27. Ng6 Rh7 28.
Qf3 Qc7 29. Rg1 Qf7 30. Rg2 Rgg7 31. Rag1 Be7 32. Nxe7+ Nxe7 33. Rxg7 Rxg7 34. Rxg7 Qxg7 35. Qxh5 Kd7 36. Qh6 Qg4 37. Be1 Qe2 0-1